[Event "Championnat d'Europe de Blitz"]
[Date "2024.12.09"]
[White "Stankovic, Milos"]
[Black "Dinev, Dejan"]
[WhiteElo "2462"]
[BlackElo "2209"]
[Round "9.41"]
[Result "1-0"]
[TimeControl "180+2"]

1. d4 Nf6 2.
Nf3 e6 3.
Bg5 Be7 4.
Nbd2 d5 5.
e3 c5 6. c3 O-O 7. Bd3 Nbd7 8. Qe2 b6 9. h4 Bb7 10. h5 Ne4 11. Bf4 Ndf6 12. h6 g6 13. Ne5 Nxd2 14. Qxd2 Ne4 15. Bxe4 dxe4 16. dxc5 Qxd2+ 17.
Kxd2 Bxc5 18. Kc2 Ba6 19. Rad1 f6 20. Rd7 fxe5 21. Rg7+ Kh8 22. Bxe5 Rxf2+ 23. Kb3 Rf5 24. Rxa7+ 1-0

[Site "Europe Echecs"]

[Event "Championnat d'Europe de Blitz"]
[Date "2024.12.09"]
[White "Nikolovski, Nikola"]
[Black "Krasteva, Beloslava"]
[WhiteElo "2407"]
[BlackElo "2281"]
[Round "9.42"]
[Result "1/2-1/2"]
[TimeControl "180+2"]

1. f4 c5 2.
Nf3 Nc6 3.
e4 d5 4.
exd5 Qxd5 5.
Nc3 Qd8 6.
Bb5 Bd7 7.
Qe2 e6 8. f5 Qe7 9. fxe6 Qxe6 10.
Qxe6+ Bxe6 11. Ne5 Nge7 12. Ne4 O-O-O 13. Bxc6 Nxc6 14. Nxc6 bxc6 15. O-O Be7 16. b3 c4 17. Bb2 Rhg8 18. Rae1 Bb4 19. Re2 Bd5 20. Nc3 Be6 21. Rfe1 Bf5 22. Ne4 cxb3 23. cxb3 f6 24. Kf2 Kb7 25. Bc3 Be7 26. Ng3 Bc5+ 27. d4 Bxd4+ 28. Bxd4 Rxd4 29. Re7+ Kb6 30. Ke3 Rd5 31. Kf4 Bg6 32. R1e2 Rd4+ 33. Kf3 h5 34. Kf2 h4 35. Nf1 Rf4+ 36. Kg1 Bd3 37. Re1 Bxf1 38. Rxf1 Rxf1+ 39. Kxf1 g5 40. Rf7 Rd8 41. Rxf6 Rd2 42. Rf5 Rxa2 43. Rxg5 h3 44. gxh3 Rxh2 45. Rg3 a5 46. Ke1 Kb5 47. Kd1 Kb4 48. Kc1 c5 49. Kb1 a4 50. bxa4 Kxa4 51. Kc1 Kb4 52. Kb1 c4 53. Kc1 c3 54. Rg8 Rxh3 55. Rb8+ Kc4 56. Rc8+ Kd3 57. Rd8+ Kc4 1/2-1/2

[Site "Europe Echecs"]

[Event "Championnat d'Europe de Blitz"]
[Date "2024.12.09"]
[White "Yuste Valenzuela, Alejandro"]
[Black "Krallis, Christos"]
[WhiteElo "2150"]
[BlackElo "2383"]
[Round "9.43"]
[Result "0-1"]
[TimeControl "180+2"]

1. e4 c5 2.
d4 cxd4 3.
c3 d3 4. Bxd3 Nc6 5. Nf3 g6 6. O-O Bg7 7. c4 d6 8. Nc3 Nf6 9. Re1 O-O 10. h3 Nd7 11. Bf1 Nc5 12. a3 a5 13. Qc2 a4 14. Be3 Qa5 15. Rad1 f5 16. Bxc5 Qxc5 17. Nxa4 Qa5 18. Nc3 Bxc3 19.
bxc3 Qxa3 20. e5 Bd7 21. exd6 exd6 22. Qd2 Rf6 23. h4 Qc5 24. h5 Raf8 25. Qg5 Kg7 26. h6+ Kg8 27.
Rd2 Re6 28.
Rxe6 Bxe6 29. Nd4 Nxd4 30. cxd4 Qc7 31. d5 Bc8 32. Re2 Rf7 33. Re8+ Rf8 34. Re7 Qd8 35. Rg7+ Kh8 36. Qe3 Qf6 37. Qb6 f4 38. Qc7 f3 39. Rxh7+ Kg8 40. Rg7+ Kh8 41. gxf3 Qg5+ 42. Bg2 Qc1+ 43. Bf1 Qg5+ 44. Bg2 Qc1+ 45.
Bf1 Qxh6 46.
Rf7 Re8 47.
Re7 Qg5+ 48.
Bg2 Qxe7 49. Qa5 Qe1+ 50. Kh2 Qxa5 0-1

[Site "Europe Echecs"]

[Event "Championnat d'Europe de Blitz"]
[Date "2024.12.09"]
[White "Larkin, Vladyslav"]
[Black "Ciric, Pavle"]
[WhiteElo "2449"]
[BlackElo "2346"]
[Round "9.44"]
[Result "1-0"]
[TimeControl "180+2"]

1. e4 e6 2. d4 d5 3. Nc3 Nf6 4. e5 Nfd7 5. Nce2 c5 6. c3 Nc6 7. Nf3 Be7 8. g3 Qa5 9. a3 Nxd4 10. Nexd4 cxd4 11. b4 Qb6 12. cxd4 a5 13. b5 a4 14. Bd3 O-O 15. O-O f6 16. exf6 Nxf6 17. Re1 Bd7 18. Rb1 Be8 19. Ne5 Bh5 20. g4 Be8 21. Kg2 Bd6 22. f3 Kh8 23. Bf1 Bxe5 24. Rxe5 Bg6 25. Rb4 Nd7 26. Re1 h5 27. h3 h4 28. Bg5 Rac8 29. Re3 Qc7 30. Qe1 Qc2+ 31. Re2 Qc3 32.
Qxh4+ Kg8 33. Re3 Qc2+ 34. Qf2 Qxf2+ 35. Kxf2 Rc2+ 36. Kg3 Rc1 37. Bg2 Re8 38. Rxa4 Rb1 39. Rb4 Rxb4 40. axb4 Nb6 41. Bf1 Kf7 42. h4 Ra8 43. h5 Bh7 44. Rc3 Rc8 45. Rc5 Ke8 46. Bf4 Kd7 47. Be5 g5 48. Rxc8 Nxc8 49. Bf6 Na7 50. Bxg5 Nc8 51. Bf4 Ne7 52. Be5 Bc2 53. Kf2 Ng8 54. g5 Bf5 55. Ke3 Ne7 56. g6 Ng8 57. Bd3 b6 58. Bxf5 exf5 59. Kf4 Ke6 60. Kg5 Ne7 61. h6 1-0

[Site "Europe Echecs"]

[Event "Championnat d'Europe de Blitz"]
[Date "2024.12.09"]
[White "Mihov, Filip"]
[Black "Gatineau, Yovann"]
[WhiteElo "2245"]
[BlackElo "2363"]
[Round "9.45"]
[Result "0-1"]
[TimeControl "180+2"]

1. d4 d5 2.
Nf3 e6 3. g3 c5 4. Bg2 Nf6 5. O-O Nc6 6. c4 cxd4 7. Nxd4 Be7 8. Nc3 O-O 9. cxd5 exd5 10. Bf4 Be6 11. Qa4 Qb6 12. Nxe6 fxe6 13. Qb5 d4 14. Qxb6 axb6 15. Nb5 e5 16. Bg5 Rfd8 17. Rfc1 Ra5 18. a4 Bc5 19. b3 d3 20. exd3 Rxd3 21. Rc3 Rd7 22. Bh3 Rd8 23. Rcc1 Bxf2+ 24. Kxf2 Ne4+ 25. Ke3 Nxg5 26. Bg2 Nd4 27. Rd1 Nge6 28. Rac1 Rd7 29. Bh3 Re7 30. Rf1 g6 31. Rc8+ Kg7 32. Bxe6 Nxe6 33. Ke4 Nc5+ 34. Kd5 Nxb3 35. Kd6 Rf7 36.
Rxf7+ Kxf7 37. Kxe5 Rxa4 38. Rc7+ Ke8 39.
Rxh7 Ra5 40.
Kf6 Rxb5 41.
Kxg6 Nc5 42.
h4 Rb4 43. Kf5 Rb3 44. g4 Rf3+ 45. Ke5 b5 0-1

[Site "Europe Echecs"]

[Event "Championnat d'Europe de Blitz"]
[Date "2024.12.09"]
[White "Popovic, Milos T"]
[Black "Kesidis, Odyseas"]
[WhiteElo "2334"]
[BlackElo "2241"]
[Round "9.46"]
[Result "1/2-1/2"]
[TimeControl "180+2"]

1. d4 Nf6 2. Bg5 d5 3. Bxf6 exf6 4. e3 c6 5. c4 dxc4 6. Bxc4 Bd6 7. Nc3 f5 8. Nf3 Nd7 9. Bd3 g6 10. h3 Qe7 11. Qc2 Nf6 12. O-O-O O-O 13. Rdg1 b5 14. g4 b4 15. Na4 f4 16. e4 Bc7 17. Nc5 Nd7 18. h4 Nxc5 19. dxc5 a5 20. h5 a4 21. hxg6 fxg6 22. Nd4 b3 23. Qc4+ Kh8 24. axb3 Ba6 25. Qc3 Be5 26. Nxc6 Bxc3 27. Nxe7 Bxd3 28. Nxg6+ Kg7 29. Nxf8 axb3 30. bxc3 Ra2 31. Rxh7+ Kxf8 32. Rb7 Rc2+ 33. Kd1 b2 34. f3 Rc1+ 35. Kd2 Rxg1 36. Rxb2 Rg2+ 37. Kc1 Rg1+ 38. Kd2 Rg2+ 39. Kc1 Rg1+ 40. Kd2 Rg2+ 1/2-1/2

[Site "Europe Echecs"]

[Event "Championnat d'Europe de Blitz"]
[Date "2024.12.09"]
[White "Nakonechnyi, Oleksii"]
[Black "Perunovic, Miodrag"]
[WhiteElo "2052"]
[BlackElo "2357"]
[Round "9.47"]
[Result "0-1"]
[TimeControl "180+2"]

1. Nf3 Nf6 2. g3 g6 3. Bg2 Bg7 4. O-O O-O 5. d4 d6 6. b3 b5 7. Bb2 Bb7 8. Nbd2 Nbd7 9. c4 bxc4 10. Nxc4 a5 11. a4 c5 12. Rc1 Ra6 13. Re1 Qa8 14. e3 Rc8 15. Nh4 Bxg2 16. Nxg2 cxd4 17.
Bxd4 Rac6 18. Bb2 h5 19. h4 Ng4 20. Bxg7 Kxg7 21. Qd4+ Kg8 22. Rcd1 Nde5 23. Nd2 Rc2 24. Kf1 Nh2+ 25. Ke2 Qxg2 26. e4 Qf3# 0-1

[Site "Europe Echecs"]

[Event "Championnat d'Europe de Blitz"]
[Date "2024.12.09"]
[White "Kiratzopoulos, Efthimios"]
[Black "Aizenberg, Benny"]
[WhiteElo "2193"]
[BlackElo "2425"]
[Round "9.48"]
[Result "0-1"]
[TimeControl "180+2"]

1. d4 f5 2.
Nf3 Nf6 3.
Bg5 d5 4.
Nbd2 Nc6 5.
e3 Be6 6. c4 dxc4 7. Bxc4 Bxc4 8. Nxc4 Ne4 9. Nfe5 Nxe5 10.
Nxe5 Nxg5 11. Qh5+ g6 12. Qxg5 Qd6 13. O-O Bg7 14. Nc4 Qe6 15. Rac1 O-O 16. b3 c6 17. Rfd1 Rad8 18. h4 f4 19. h5 Rd5 20. Ne5 Bxe5 21. e4 Rxd4 22. Rxd4 Bxd4 23. hxg6 Qxg6 24. Qxe7 f3 0-1

[Site "Europe Echecs"]

[Event "Championnat d'Europe de Blitz"]
[Date "2024.12.09"]
[White "Pavlidou, Ekaterini"]
[Black "Danov, Lyubomir"]
[WhiteElo "2160"]
[BlackElo "2297"]
[Round "9.49"]
[Result "0-1"]
[TimeControl "180+2"]

1. d4 d5 2.
c4 e6 3. Nc3 c6 4. e3 f5 5. Nf3 Nf6 6. Bd3 Bd6 7. h3 O-O 8. Qc2 Ne4 9. h4 Nd7 10. c5 Bc7 11. Bd2 e5 12. dxe5 Nxe5 13. Nxe5 Bxe5 14. Ne2 Qe7 15. Rc1 Bd7 16. b4 Be8 17. Rh3 Bh5 18. f3 Nxd2 19. Qxd2 f4 20. exf4 Bxf4 21. Qc2 Bxc1 22. Qxc1 Rae8 23. Kf1 Bg6 24. Qd1 Bxd3 25. Qxd3 Qe3 26. Qxe3 Rxe3 27. Kf2 Ra3 28. Nd4 Rxa2+ 29. Kg1 Rb2 30. Rg3 Rxb4 31. Ne6 Rf7 32. h5 h6 33. f4 Rbxf4 34. Nxf4 Rxf4 35. Rb3 Rf7 36. Ra3 a6 37.
Rb3 Kf8 38.
Re3 Re7 39.
Rf3+ Ke8 40. Rf4 Re5 41. Rg4 Re7 42. Rg6 Kd7 43. Kf2 Kc7 44. Rg4 b6 45. cxb6+ Kxb6 46. Rb4+ Kc5 47. Ra4 Ra7 48. Kf3 a5 49. Kf4 Kb5 50. Ra1 a4 51. Kf5 a3 52. Kg6 a2 53. g4 Kb4 54. Rxa2 Rxa2 55. Kxg7 Rg2 0-1

[Site "Europe Echecs"]

[Event "Championnat d'Europe de Blitz"]
[Date "2024.12.09"]
[White "Dobrikov, Marco"]
[Black "Rigopoulos-Tsigkos, Alexandros"]
[WhiteElo "2407"]
[BlackElo "2068"]
[Round "9.50"]
[Result "1-0"]
[TimeControl "180+2"]

1. e4 c5 2.
Nf3 e6 3. c4 a6 4. Nc3 Qc7 5. Be2 b6 6. O-O Bb7 7. Re1 d6 8. d4 cxd4 9. Nxd4 Nd7 10. Be3 Ngf6 11. f3 Be7 12. Rc1 O-O 13. Qd2 Rac8 14. Bf1 Ne5 15. b3 Kh8 16. Red1 Rg8 17. Qf2 Ned7 18. a4 g5 19. b4 g4 20. Kh1 gxf3 21. gxf3 Qd8 22. Nb3 Nh5 23. a5 Bh4 24. Qd2 Ng3+ 25. hxg3 Bxg3 26. Bg1 Qh4+ 27. Bh2 Ne5 28. Nd4 bxa5 29. bxa5 Bf4 30. Qxf4 Qe7 31. Be2 Rg6 32. Rg1 Rf6 33. Qh4 Nxc4 34. Bxc4 Rxc4 35. Nce2 Rxc1 36. Rxc1 Kg7 37. Rg1+ Kf8 38. Qxh7 Ke8 39. Qg8+ Kd7 40. Qb8 Bc8 41. Rc1 Qd8 42. Qxd6+ Ke8 43. Qb8 Kd7 44. Rc7+ 1-0

[Site "Europe Echecs"]

[Event "Championnat d'Europe de Blitz"]
[Date "2024.12.09"]
[White "Bulmaga, Irina"]
[Black "Vanden Bussche, Steven"]
[WhiteElo "2386"]
[BlackElo "2049"]
[Round "9.52"]
[Result "1-0"]
[TimeControl "180+2"]

1. e4 c6 2. d4 d5 3. e5 Bf5 4. Nf3 e6 5. Be2 c5 6. Be3 Nd7 7. O-O Ne7 8. c4 dxc4 9. Nbd2 Nc6 10. Nxc4 Be7 11. Rc1 O-O 12. dxc5 Nxc5 13. Nd4 Nxd4 14. Bxd4 Nd7 15. Bf3 Bc5 16. Bxb7 Rb8 17. Bc6 Bxd4 18.
Qxd4 Nb6 19. Nd6 Nd5 20. Nxf5 Qg5 21. Bxd5 1-0

[Site "Europe Echecs"]

[Event "Championnat d'Europe de Blitz"]
[Date "2024.12.09"]
[White "Kucharska, Honorata"]
[Black "Herega, Nejc"]
[WhiteElo "2071"]
[BlackElo "2249"]
[Round "9.53"]
[Result "0-1"]
[TimeControl "180+2"]

1. e4 c5 2. Nf3 d6 3. Bb5+ Bd7 4. Bxd7+ Nxd7 5. O-O Ngf6 6. Re1 e6 7. c3 Be7 8. d4 cxd4 9. cxd4 d5 10. e5 Ne4 11. Nc3 Nxc3 12. bxc3 O-O 13. Qb3 Qb6 14. Qc2 h6 15. a4 Rac8 16. Ba3 Bxa3 17. Rxa3 Qa5 18. Rb1 Rc7 19. Rb5 Qa6 20. h3 Rfc8 21. Qb2 Nb6 22. Qa1 Nxa4 23. Rb4 b5 24. Nd2 Qc6 25. c4 dxc4 26. Nxc4 bxc4 27. Rbxa4 c3 28. Rb4 c2 29. Qc1 Rb7 30. Rab3 Rxb4 31. Rxb4 Qc3 32. Ra4 a5 33. Kh2 Rc4 34. Ra2 a4 35. f3 Qb3 36. Ra1 a3 37. Rxa3 Qxa3 0-1

[Site "Europe Echecs"]

[Event "Championnat d'Europe de Blitz"]
[Date "2024.12.09"]
[White "Trajkovski, Mile"]
[Black "Maltsevskaya, Aleksandra"]
[WhiteElo "1910"]
[BlackElo "2368"]
[Round "9.54"]
[Result "0-1"]
[TimeControl "180+2"]

1. e4 c5 2.
a3 g6 3. b4 Bg7 4. Nc3 cxb4 5. axb4 d6 6. Bc4 Nf6 7. d4 O-O 8. h4 Qc7 9. Qe2 Nc6 10. Nb5 Qd8 11. c3 Bd7 12. h5 a5 13. hxg6 hxg6 14.
bxa5 Rxa5 15. Rb1 Qa8 16. Nc7 Qa7 17. Nd5 Ra1 18. Bd3 Rxb1 19. Bxb1 Qa1 20. Qb2 Qxb2 21. Bxb2 Nxd5 22. exd5 Na5 23.
Bd3 b5 24.
Ne2 Ra8 25.
Kd2 e6 26. Ra1 Nb3+ 27. Kc2 Nxa1+ 28. Kb1 Nb3 29. Kc2 Na5 30. Be4 exd5 31. Bxd5 Bc6 32. Nf4 Re8 33. Kd3 Bxd5 34. Nxd5 Nc4 35. Bc1 Re1 36. Bf4 Rf1 37. Ke2 Ra1 38. Ne7+ Kf8 39. Nc8 Ra3 40. Nxd6 Rxc3 41. Nxb5 Rb3 42. Nd6 Nxd6 43. Bxd6+ Ke8 44. Bc5 Kd7 45. Kd2 Kc6 46. Kc2 Rb5 47. Kd3 Kd5 48. Be7 Bxd4 49. f3 Rb3+ 50. Ke2 Re3+ 51. Kf1 Rxe7 52. g4 Ke5 53. Kg2 Kf4 0-1

[Site "Europe Echecs"]

[Event "Championnat d'Europe de Blitz"]
[Date "2024.12.09"]
[White "Fedoseev, Vladimir"]
[Black "Van Foreest, Jorden"]
[WhiteElo "2709"]
[BlackElo "2677"]
[Round "10.1"]
[Result "1/2-1/2"]
[TimeControl "180+2"]

1. c4 Nf6 2. Nc3 e5 3. Nf3 Nc6 4. d3 Bb4 5. Bd2 O-O 6. g3 Re8 7. Bg2 Bxc3 8. Bxc3 e4 9. Ng5 exd3 10. Qxd3 Ne5 11. Bxe5 Rxe5 12. f4 Re8 13. Bd5 Rf8 14. O-O-O c6 15. Bxf7+ Rxf7 16. Nxf7 Kxf7 17. e4 d5 18. e5 Ng4 19. Qf3 Qb6 20. e6+ Bxe6 21. f5 Qe3+ 22. Qxe3 Nxe3 23. fxe6+ Ke7 24. cxd5 Nxd1 25. Rxd1 1/2-1/2

[Site "Europe Echecs"]

[Event "Championnat d'Europe de Blitz"]
[Date "2024.12.09"]
[White "Fressinet, Laurent"]
[Black "Sarana, Alexey"]
[WhiteElo "2588"]
[BlackElo "2674"]
[Round "10.2"]
[Result "0-1"]
[TimeControl "180+2"]

1. Nf3 d5 2. g3 g6 3. Bg2 Bg7 4. d4 c6 5.
O-O Nf6 6.
c4 O-O 7.
Nc3 Qb6 8.
b3 Be6 9.
cxd5 Nxd5 10. Na4 Qc7 11. Bb2 Na6 12. Rc1 Rad8 13. e4 Nf6 14. Qe2 Qa5 15. Rfe1 Qh5 16. Ne5 Qxe2 17. Rxe2 Ng4 18. Nf3 h6 19. h3 Nf6 20. Ne5 Nd7 21. Nxd7 Rxd7 22. d5 cxd5 23. Bxg7 Kxg7 24.
exd5 Bf5 25. Re3 g5 26. a3 b6 27. b4 Rfd8 28. Rec3 Nb8 29. Nb2 Kf6 30. Rc7 Rxc7 31.
Rxc7 Rd7 32. Rc8 Na6 33. Rc6+ Rd6 34. Rxd6+ exd6 35. Nc4 Ke7 36. Ne3 Bd7 37. f4 gxf4 38. gxf4 Nc7 39. Bf1 Kf6 40. Kf2 Bb5 41. Bg2 Bd3 42. Ke1 Nb5 43. Kd2 Bf5 44. Nc4 Ke7 45. Ke3 Nc7 46. Kd4 Bd7 47. Ke3 Nb5 48. Kd3 Bf5+ 49. Ke3 Bc8 50. Bf1 Bd7 51. Bg2 Bf5 52. Bf1 Nc7 53. Bg2 Bc2 54. Kd4 Nb5+ 55. Ke3 Bb3 56. Nd2 Bc2 57. Nc4 Bb3 58. Nd2 Ba2 59. a4 Nc3 60. a5 Bxd5 61. Bf1 bxa5 62. bxa5 Bc6 63. Kd4 Nd5 64. Bg2 Nb4 65. Bf1 Bb7 66. Bb5 a6 67. Ba4 Bc6 68. Kc4 Bxa4 69. Kxb4 Bb5 70.
Kc3 Ke6 71.
Kd4 Kf5 72. Ne4 Ke6 73. f5+ Ke7 74. Nc3 Bc6 75. Na2 Kf6 76. Nb4 Bb7 77. Nd5+ Kxf5 78. Nb6 Ke6 79. Nc4 f5 80. Ke3 Bd5 81. Nb6 Bc6 82. Kf4 d5 83. Nc8 d4 84. Nb6 Bb5 0-1

[Site "Europe Echecs"]

[Event "Championnat d'Europe de Blitz"]
[Date "2024.12.09"]
[White "Korobov, Anton"]
[Black "Pantsulaia, Levan"]
[WhiteElo "2629"]
[BlackElo "2522"]
[Round "10.3"]
[Result "1/2-1/2"]
[TimeControl "180+2"]

1. d4 c5 2. d5 g6 3. e4 Bg7 4. Nf3 d6 5. Nc3 Nf6 6. Bb5+ Bd7 7. a4 Bxb5 8. axb5 O-O 9. O-O Nbd7 10. Re1 Ne8 11. Bf4 Nc7 12. Qd2 Nb6 13. Bh6 Nc4 14. Qc1 Bxh6 15. Qxh6 f6 16. Nd2 Ne5 17. f4 Nf7 18. Qh3 Qe8 19. Qd3 Qd7 20. Ra5 a6 21. Rea1 axb5 22. Rxa8 Rxa8 23. Rxa8+ Nxa8 24. Qxb5 Qxb5 25. Nxb5 Nb6 26. Kf2 g5 27. g3 gxf4 28. gxf4 f5 29. Ke3 Kg7 30. c4 fxe4 31. Kxe4 Nh6 32. b3 Nd7 33. Kf3 Nf5 34. Ne4 h6 35. Ng3 Kg6 36. Nxf5 Kxf5 37. Nc7 Nf8 38. h3 h5 39. Ke3 Kf6 40. Ke4 Kg6 41. h4 Kf6 42. f5 Kf7 43. Ne6 Nd7 44. Nd8+ Kf6 45. Nxb7 Ne5 46. Na5 Ng4 47. Nc6 Nh6 48. Nb8 Nxf5 49.
Nd7+ Kg6 50.
Nf8+ Kf6 51. Nd7+ Kg6 52. Nf8+ 1/2-1/2

[Site "Europe Echecs"]

[Event "Championnat d'Europe de Blitz"]
[Date "2024.12.09"]
[White "Jobava, Baadur"]
[Black "Baidetskyi, Valentin"]
[WhiteElo "2578"]
[BlackElo "2519"]
[Round "10.4"]
[Result "1-0"]
[TimeControl "180+2"]

1. c4 e5 2. b3 d6 3. Bb2 Be7 4. g3 f5 5. Bg2 Nf6 6. Nc3 O-O 7. e3 c6 8. Nge2 d5 9. O-O Be6 10. d3 Na6 11. cxd5 cxd5 12. Nb5 Qb6 13. a4 Nd7 14. Nec3 Nb4 15. Ba3 Nf6 16. Qd2 a6 17. Ne2 Nc6 18. Bxe7 Nxe7 19. Nbc3 Rac8 20. a5 Qb4 21. Qb2 Rc7 22. Na4 Qd6 23. d4 e4 24. Nc5 Bd7 25. Rfc1 Rfc8 26. Rc3 Bb5 27. Nf4 Bd7 28. h4 g6 29. Rac1 h6 30. b4 g5 31. hxg5 hxg5 32. Nxd7 Nxd7 33. Rxc7 Rxc7 34. Rxc7 Qxc7 35. Ne6 Qc4 36. Bf1 Qc6 37. Nxg5 Qf6 38. Nh3 Ng6 39. b5 Kg7 40. bxa6 1-0

[Site "Europe Echecs"]

[Event "Championnat d'Europe de Blitz"]
[Date "2024.12.09"]
[White "Pichot, Alan"]
[Black "Santos Latasa, Jaime"]
[WhiteElo "2637"]
[BlackElo "2628"]
[Round "10.5"]
[Result "1/2-1/2"]
[TimeControl "180+2"]

1. e4 e5 2. Nf3 Nc6 3. Bc4 Bc5 4. d3 Nf6 5. O-O d6 6. c3 Bb6 7. a4 h6 8. Nbd2 a5 9. Ba2 O-O 10. Nc4 Ba7 11. Be3 Be6 12. Bxa7 Rxa7 13. Re1 Ra8 14. Ne3 Bxa2 15. Rxa2 Re8 16. h3 1/2-1/2

[Site "Europe Echecs"]

[Event "Championnat d'Europe de Blitz"]
[Date "2024.12.09"]
[White "Deac, Bogdan-Daniel"]
[Black "Pancevski, Filip"]
[WhiteElo "2696"]
[BlackElo "2420"]
[Round "10.6"]
[Result "1-0"]
[TimeControl "180+2"]

1. Nf3 Nf6 2. d4 g6 3. e3 Bg7 4. Be2 O-O 5. O-O d6 6. Nc3 Nbd7 7. e4 e5 8. dxe5 dxe5 9. Bc4 c6 10. a4 a5 11. b3 Qe7 12. Ba3 Nc5 13. Qd2 Bg4 14. Qe3 Nfd7 15. Ne1 b6 16. Nd3 Rfd8 17. h3 Be6 18. Bxe6 Qxe6 19. Nxc5 Nxc5 20. Bxc5 bxc5 21. Qxc5 Rd4 22. Rad1 Bf8 23. Qb6 Qd7 24. Rxd4 exd4 25. Rd1 Bg7 26. Ne2 Qe6 27. Ng3 h5 28. Qc5 h4 29. Nf1 Qxe4 30. Qc4 Re8 31. Nd2 Qe2 32.
Qxe2 Rxe2 33. Kf1 Re5 34. Nc4 Rd5 35. Rd3 Bf8 36. Rf3 f5 37. Rd3 Bb4 38. g3 hxg3 39. Rxg3 Kf7 40. f4 Bd6 41. Rf3 Kf6 42.
Ke2 Bb4 43.
Kd3 Bc3 44.
Rg3 Be1 45.
Rg2 Rd8 46.
Ne5 Rg8 47.
Nxc6 Rh8 48.
Ne5 Rxh3+ 49. Kc4 Rg3 50. Rxg3 Bxg3 51. Nd3 g5 52. b4 axb4 53. a5 gxf4 54. a6 f3 55. a7 f2 56. Nxf2 b3 57. cxb3 Bxf2 58. a8=Q 1-0

[Site "Europe Echecs"]

[Event "Championnat d'Europe de Blitz"]
[Date "2024.12.09"]
[White "Muradli, Mahammad"]
[Black "Hamitevici, Vladimir"]
[WhiteElo "2588"]
[BlackElo "2423"]
[Round "10.8"]
[Result "1-0"]
[TimeControl "180+2"]

1. Nf3 Nf6 2. c4 b6 3.
g3 Bb7 4. d4 g6 5. d5 Bg7 6. Nc3 O-O 7. Bg2 e6 8. O-O Na6 9. Re1 exd5 10. cxd5 c5 11. e4 d6 12. e5 dxe5 13. Nxe5 Nb4 14. Bg5 h6 15. Bxf6 Bxf6 16. a3 Bxe5 17. Rxe5 Qf6 18. f4 Na6 19. Ne4 Qg7 20. Nd6 Rab8 21. Qa4 b5 22. Nxb5 Rfd8 23. Rae1 Qf6 24. Nc3 Qb6 25. R1e2 Nc7 26. Qc2 Bc8 27.
h3 Bf5 28.
Qc1 c4+ 29.
Kh2 Nb5 30. Nxb5 Qxb5 31. Qc3 Qb3 32. Qd4 Bd3 33. Rd2 Qb6 34. Qc3 Qb3 35. Qc1 Rd7 36. Qe1 Kg7 37. h4 h5 38. Re3 Qb6 39. Re7 Rxe7 1-0

[Site "Europe Echecs"]

[Event "Championnat d'Europe de Blitz"]
[Date "2024.12.09"]
[White "Zajic, Milan"]
[Black "Quparadze, Giga"]
[WhiteElo "2392"]
[BlackElo "2537"]
[Round "10.9"]
[Result "1/2-1/2"]
[TimeControl "180+2"]

1. e4 c5 2. Nf3 e6 3. d4 cxd4 4. Nxd4 a6 5. Bd3 d5 6. exd5 Qxd5 7. O-O Nd7 8. Be3 Bc5 9. Nc3 Qe5 10. Nf3 Qc7 11. Qd2 Bxe3 12. Qxe3 Ngf6 13. Rad1 O-O 14. Ne4 Nxe4 15. Qxe4 Nf6 16. Qh4 h6 17. Rfe1 b6 18. Ne5 Bb7 19. Qg3 Rac8 20. h3 Rfd8 21. a3 b5 22. Qh4 Rd5 23. Qg3 Rcd8 24. Re3 Nh5 25. Qh4 Nf6 26. Qg3 Rd4 27. Ng4 Qxg3 28. Nxf6+ gxf6 29. Rxg3+ Kf8 30. Re1 f5 31. Rge3 Kg7 32. f3 Kf6 33. Kf2 h5 34. R3e2 h4 35. Re3 Rg8 36. Ra1 Bd5 37. c3 f4 38. Rxe6+ Bxe6 39. cxd4 Rd8 40. Ke2 Rxd4 41. Rc1 Rd5 42.
Rc6 Re5+ 43.
Kf2 Rd5 44.
Ke2 a5 45.
Rb6 Re5+ 46.
Kf2 Rd5 47.
Ke2 Rg5 48. Kf2 Rd5 49. Ke2 1/2-1/2

[Site "Europe Echecs"]

[Event "Championnat d'Europe de Blitz"]
[Date "2024.12.09"]
[White "Kilic, Eray"]
[Black "Livaic, Leon"]
[WhiteElo "2459"]
[BlackElo "2560"]
[Round "10.10"]
[Result "0-1"]
[TimeControl "180+2"]

1. e4 d6 2. d4 Nf6 3. Nc3 e5 4. Nf3 Nbd7 5. Rg1 c6 6. g4 h6 7. Be3 Be7 8. Qd2 b5 9. a3 Qa5 10. Bd3 Rb8 11. h4 b4 12. Ne2 c5 13. dxe5 Nxe5 14. Nxe5 dxe5 15. f3 Be6 16. g5 hxg5 17. hxg5 Nd7 18. Ng3 c4 19. Bf1 c3 20. bxc3 bxa3 21. Kf2 g6 22. Bd3 Rh2+ 23. Rg2 Rxg2+ 24. Kxg2 a2 25.
c4 Qa3 26. Qc1 Qxc1 27. Bxc1 Rb1 28. Rxa2 Rxc1 29. Ne2 Rb1 30. Rxa7 Bxg5 31. Nc3 Rb8 32. Nb5 Be3 33. Ra6 Nc5 34. Ra5 Rd8 35.
Nc7+ Ke7 36.
Kf1 Nxd3 37.
cxd3 Bb6 38.
Nxe6 Bxa5 39. Nxd8 Bxd8 40. Kg2 Bb6 41. Kg3 Kf6 42. f4 Bd4 43. Kf3 exf4 44. Kxf4 g5+ 45. Kf3 Ke5 46. Kg4 f6 47. Kf3 Bc5 48. Kg4 Bd6 49. Kh5 Kd4 50. Kg4 Kxd3 51. c5 Bxc5 52. Kf5 Bd4 0-1

[Site "Europe Echecs"]

[Event "Championnat d'Europe de Blitz"]
[Date "2024.12.09"]
[White "Pultinevicius, Paulius"]
[Black "Horvath, Dominik"]
[WhiteElo "2579"]
[BlackElo "2542"]
[Round "10.11"]
[Result "0-1"]
[TimeControl "180+2"]

1. c4 g6 2. Nc3 c5 3. e3 Nf6 4. b3 Bg7 5. Bb2 O-O 6. Rc1 b6 7. Be2 Bb7 8. Bf3 Nc6 9. Nge2 Qb8 10. d4 d6 11. h4 h5 12. Ng3 cxd4 13. exd4 e5 14. dxe5 dxe5 15. Nd5 Nxd5 16. Bxd5 Nd4 17. Bxb7 Qxb7 18. Bxd4 Rad8 19. Qf3 Qxf3 20. gxf3 exd4 21. Rd1 d3 22. Kd2 Bh6+ 23. Kc3 Bg7+ 24. Kd2 Rfe8 25. Rhe1 Bh6+ 26. Kc3 Bg7+ 27. Kd2 Rxe1 28. Rxe1 Rd4 29. Re8+ Bf8 30. Ne4 Kg7 31. Kc3 d2 32. Nxd2 Rxh4 33. Ne4 Rf4 34. Nd2 h4 35.
Re1 h3 36.
Rh1 Rh4 37. Kd3 f5 38. Nf1 Bc5 39. Ke2 Kf6 40. Nd2 Bd6 41. a4 h2 42. Nf1 Rh8 43. b4 Rc8 44. f4 Rxc4 45. Rxh2 Rxf4 46. Rh7 Bxb4 47.
Rxa7 Bc5 48. f3 Rb4 49. Nd2 Rb2 50. Kd3 Ra2 51. Nc4 Kg5 52. Ne5 Kf4 53. Nxg6+ Kxf3 54. Rf7 Ra3+ 55. Kc2 Ke4 56. Rf6 Rxa4 57. Re6+ Kf3 58. Ne5+ Kg3 59. Rg6+ Kf4 60. Nd3+ Ke4 61. Re6+ Kd4 62. Nf4 Ra2+ 63. Kd1 Rf2 64. Ne2+ Kd5 65. Rf6 b5 66. Ke1 Rf3 67. Kd2 b4 68. Rf7 b3 69. Rb7 Kc4 70. Kd1 f4 71. Rf7 Rf1+ 0-1

[Site "Europe Echecs"]

[Event "Championnat d'Europe de Blitz"]
[Date "2024.12.09"]
[White "Dvirnyy, Danyyil"]
[Black "Safarli, Eltaj"]
[WhiteElo "2491"]
[BlackElo "2610"]
[Round "10.12"]
[Result "1/2-1/2"]
[TimeControl "180+2"]

1. e4 c5 2. Nf3 e6 3. d4 cxd4 4. Nxd4 Nc6 5. Nc3 Bc5 6. Nb3 Bb6 7. Bd3 Nge7 8. O-O O-O 9. Kh1 d5 10. Bd2 Ne5 11. a4 Nxd3 12. cxd3 a6 13. Bf4 f6 14. Bg3 e5 15. d4 dxe4 16. dxe5 Be6 17. exf6 Rxf6 18. Nxe4 Qxd1 19. Nxf6+ gxf6 20. Rfxd1 Bxb3 21. Rd7 Nd5 22. a5 Bc5 23. Rxb7 Bb4 24. Rc1 Ba4 25. Rc4 Re8 26. h4 Bb5 27. Rg4+ Kh8 28. Rd4 Rd8 29. h5 Bxa5 30. h6 Bc6 31. Rf7 Bb6 32. Rg4 Rg8 33. Rc4 Bb5 34. Re4 Bd3 35. Re6 Bc5 36. Rd7 Nb4 37. Rxf6 Re8 38. Re6 Rf8 39. Bd6 Bxd6 40. Rexd6 Bg6 41. Rb7 Nd3 42. f3 a5 43. Rb5 a4 44. Rd4 Nf2+ 45. Kh2 Kg8 46. Rxa4 Be8 47. Rg5+ Kh8 48. Rd4 Bg6 49. Re5 Nd3 50. Re7 Nxb2 51. Re3 Rc8 52. Rc3 Ra8 53.
Rd6 Kg8 54.
Rb3 Nc4 55. Rd4 Ne5 56. Rb6 Nf7 57. Rg4 Nxh6 58. Rgxg6+ hxg6 59. Rxg6+ Kh7 60. Rb6 Nf5 61. g4 Nd4 62.
Kg3 Rf8 63.
Rb7+ Kg8 64.
g5 Rxf3+ 65.
Kg4 Rf1 66. g6 Ne6 67. Rb8+ Kg7 68. Rb6 Kf6 69. g7 Rg1+ 70. Kf3 Rxg7 71. Ke4 Rg4+ 72. Ke3 Ke5 73. Rb5+ Kd6 74. Rb6+ Kd5 75. Rb5+ Nc5 76. Rb8 Ke5 77. Re8+ Ne6 78. Ke2 Rg3 79. Kf2 Ra3 80. Ke2 Kd5 81. Re7 Nf4+ 82. Kf2 Kd4 83. Re8 Nd3+ 84. Ke2 Ne5 85. Rd8+ Ke4 86. Re8 Ra2+ 87. Kd1 Kd3 88. Rd8+ Kc3 89. Rc8+ Nc4 90. Ke1 Kd4 91. Rd8+ Ke4 92. Re8+ Ne5 93. Kd1 Rh2 94. Ke1 Kd4 95. Kd1 Nf3 96. Rd8+ Kc3 97. Ra8 Nd4 98. Ra3+ Nb3 99. Ra8 Kd3 100. Rd8+ Nd4 101. Kc1 Rc2+ 102. Kb1 Rc4 103. Kb2 Rb4+ 104. Kc1 Rb7 105. Rd5 Kc4 106. Rd8 Kc3 107. Rc8+ Kd3 108. Rd8 Rb6 109. Rd7 Rb8 110. Rd5 Rc8+ 111. Kb2 Rc2+ 112. Kb1 Rd2 113. Rd8 Kc3 114. Rc8+ Kb4 115. Kc1 Rd3 116. Rb8+ Nb5 117. Kc2 Rd5 118. Rb7 Kc4 119. Rb8 Nd4+ 120. Kb2 Kd3 121. Rb7 Rc5 122. Rb8 Rc2+ 123. Kb1 Rh2 1/2-1/2

[Site "Europe Echecs"]